[Event "Titled Tuesday Blitz June 21 Early 2022"]
[White "Ciuffoletti, Paolo"]
[Black "Pein, Jonathan"]
[WhiteFideId "807630"]
[BlackFideId "417092"]
[WhiteElo "2143"]
[BlackElo "2140"]
[Result "1/2-1/2"]
[Round "02"]
[TimeControl "180+1"]
[Date "2022.06.22"]
[WhiteClock "0:00:09"]
[BlackClock "0:00:02"]

1. e4 e5 2. Bc4 Nf6 3. Nf3 d6 4. Ng5 d5 5. exd5 h6 6. Nf3 Bb4 7. Nxe5 O-O 8. O-O b5 9. Bb3 Bb7 10. d4 Nxd5 11. Qf3 c6 12. Qg3 Qf6 13. Nd2 Nf4 14. Re1 c5 15. Ne4 Qf5 16. Nd6 Bxe1 17. Bxf4 Qf6 18. Nxb7 Bxf2+ 19. Qxf2 c4 20. Nc5 cxb3 21. Ncd7 Nxd7 22. Nxd7 Qf5 23. Nxf8 bxc2 24. Bd6 Qd3 25. Bc5 Re8 26. Rc1 Re2 27. Qf1 Qe3+ 28. Kh1 Rf2 29. Qe1 Re2 30. Qf1 Rf2 31. Qe1 Re2 32. Qf1 1/2-1/2


[Site "https://www.chess.com"]

[Event "Titled Tuesday Blitz June 21 Early 2022"]
[White "Costachi, Mihnea"]
[Black "Perez Leiva, Jerzy Jesus"]
[WhiteFideId "1217518"]
[BlackFideId "3524337"]
[WhiteElo "2476"]
[BlackElo "2287"]
[Result "1-0"]
[Round "02"]
[TimeControl "180+1"]
[Date "2022.06.22"]
[WhiteClock "0:00:43"]
[BlackClock "0:00:09"]

1. e4 c5 2. Nf3 d6 3. d4 cxd4 4. Nxd4 Nf6 5. Nc3 a6 6. Be2 e5 7. Nb3 Be7 8. Be3 Be6 9. O-O O-O 10. Qd2 Qc7 11. Rad1 Rc8 12. h3 b5 13. a3 Nbd7 14. Kh1 Nb6 15. Bxb6 Qxb6 16. f4 exf4 17. Nd4 Rc5 18. Qxf4 Rac8 19. Nxe6 fxe6 20. Bg4 Re5 21. Rd2 Rc4 22. Bf3 Qc7 23. Be2 Rxc3 24. bxc3 Qxc3 25. Bd3 Qxa3 26. Re2 Qc3 27. Qf2 Qc7 28. Ra1 a5 29. Qe1 b4 30. Qb1 d5 31. exd5 Rxe2 32. Bxe2 Nxd5 33. Bg4 Nf4 34. Qa2 Qc6 35. Bf3 Qc3 36. Qxa5 Qxc2 37. Qa7 Qc5 38. Qb8+ Bf8 39. Qxf4 h6 40. Bg4 Qb6 41. Rf1 1-0


[Site "https://www.chess.com"]

[Event "Titled Tuesday Blitz June 21 Early 2022"]
[White "Coto Mederos, Michel"]
[Black "Tarasova, Viktoriya"]
[WhiteFideId "3508528"]
[BlackFideId "4175840"]
[WhiteElo "2427"]
[BlackElo "2182"]
[Result "1-0"]
[Round "02"]
[TimeControl "180+1"]
[Date "2022.06.22"]
[WhiteClock "0:00:52"]
[BlackClock "0:01:54"]

1. c4 Nf6 2. Nc3 e5 3. Nf3 Nc6 4. e4 Bb4 5. d3 d6 6. a3 Bxc3+ 7. bxc3 O-O 8. Be2 h6 9. O-O Bg4 10. Rb1 Bxf3 11. Bxf3 Rb8 12. Be2 Nd7 13. f4 exf4 14. Bxf4 Qe7 15. Qd2 Nde5 16. Kh1 Ng6 17. Be3 b6 18. Rf5 Qd7 19. Rbf1 Nce7 20. R5f2 Qa4 21. Qc1 a5 22. Rf3 Qd7 23. Rh3 Qe6 24. Bxh6 gxh6 25. Qxh6 Rfe8 26. Bg4 1-0


[Site "https://www.chess.com"]

[Event "Titled Tuesday Blitz June 21 Early 2022"]
[White "Curtis, John"]
[Black "Rodchenkov, Sergey D."]
[WhiteFideId "3200256"]
[BlackFideId "4168712"]
[WhiteElo "2203"]
[BlackElo "2293"]
[Result "1-0"]
[Round "02"]
[TimeControl "180+1"]
[Date "2022.06.22"]
[WhiteClock "0:00:10"]
[BlackClock "0:00:03"]

1. c4 e5 2. d3 Nc6 3. Nf3 g6 4. Nc3 Bg7 5. e3 Nge7 6. Be2 O-O 7. a3 d5 8. cxd5 Nxd5 9. Bd2 Be6 10. Nxd5 Bxd5 11. Bc3 Qe7 12. e4 Be6 13. b4 a6 14. Qc2 Rad8 15. h3 f5 16. O-O f4 17. Qb2 Nd4 18. Bxd4 exd4 19. Rfc1 c6 20. Bd1 Kh8 21. Bb3 Bc8 22. Rc5 h6 23. a4 g5 24. a5 Bf6 25. e5 Bg7 26. Re1 Rf5 27. Nxd4 Rxe5 28. Rcxe5 Bxe5 29. Nxc6 Bxb2 30. Nxe7 Bd7 31. Bc4 Kg7 32. Nd5 Bc6 33. Nb6 Bf6 34. Re6 Rd4 35. Bxa6 Bd5 36. Nxd5 Rxd5 37. Bc4 Rd7 38. Rb6 f3 39. a6 bxa6 40. gxf3 a5 41. bxa5 Re7 42. a6 Re1+ 43. Kg2 Ra1 44. Rb7+ Kg6 45. a7 Bd4 46. Bd5 Rxa7 47. Be4+ Kh5 48. Rb4 Bc5 49. Rb5 Bd4 50. Rd5 Bb6 51. Rd6 Bc7 52. Bg6+ Kh4 53. Rd4+ Bf4 54. Re4 Ra2 55. d4 Rd2 56. Bf7 h5 57. d5 Rc2 58. Be6 Rd2 59. Rc4 Rd1 60. Rc8 g4 61. Rh8 gxh3+ 62. Bxh3 Rd2 63. Bg4 Kg5 64. Rxh5+ Kg6 65. Rf5 Be3 66. Re5 Rxf2+ 67. Kg3 Bd4 68. Re4 Bc5 69. f4 Rc2 70. f5+ Kf6 71. Re6+ Kg5 72. Rg6# 1-0


[Site "https://www.chess.com"]

[Event "Titled Tuesday Blitz June 21 Early 2022"]
[White "Daeschler, Florian"]
[Black "Kvon, Andrey"]
[WhiteFideId "20678193"]
[BlackFideId "14201356"]
[WhiteElo "2221"]
[BlackElo "2458"]
[Result "1/2-1/2"]
[Round "02"]
[TimeControl "180+1"]
[Date "2022.06.22"]
[WhiteClock "0:00:03"]
[BlackClock "0:00:55"]

1. e4 e5 2. Nf3 Nc6 3. Bc4 Nf6 4. d3 Be7 5. O-O O-O 6. Re1 d6 7. a4 Kh8 8. Nc3 Bg4 9. h3 Bxf3 10. Qxf3 Nd4 11. Qd1 c6 12. Ba2 Nd7 13. Ne2 Nxe2+ 14. Qxe2 f5 15. exf5 Rxf5 16. d4 Bh4 17. g3 Bg5 18. Be6 Bxc1 19. Bxf5 Bxb2 20. Rab1 Bxd4 21. Rxb7 Nc5 22. Qh5 Qg8 23. Rc7 g6 24. Qh6 e4 25. Bg4 Bg7 26. Qd2 Qd5 27. Qxd5 cxd5 28. Kg2 h5 29. Bd1 Bc3 30. Rh1 Rf8 31. h4 Bd4 32. Rf1 Nxa4 33. c4 Nb2 34. cxd5 Nd3 35. f4 Rb8 36. Kh3 Nf2+ 37. Kg2 Rb2 38. Rc2 Nxd1 39. Rxb2 Nxb2 40. Ra1 Nc4 41. Ra4 e3 42. Rxc4 e2 43. Rc8+ Kg7 44. Re8 Kf6 45. Rxe2 Kf5 46. Kf3 Bc5 47. Ra2 Kf6 48. Ra6 Kf5 49. Rc6 Kf6 50. Ke4 Ke7 51. Rc7+ Kf6 52. Rb7 Bb6 53. Rd7 Bc5 54. Rc7 Bf2 55. Rd7 Bc5 56. Rd8 Ke7 57. Rg8 Kf7 58. Rb8 Bf2 59. f5 Bxg3 60. Rb7+ Kf6 61. fxg6 Kxg6 62. Rxa7 Bxh4 63. Rd7 Bg3 64. Kf3 Be5 65. Re7 Kf6 66. Re6+ Kg5 67. Kg2 Kf5 68. Re8 Ke4 69. Re6 Kf5 70. Rh6 Kg5 71. Re6 Kf5 1/2-1/2


[Site "https://www.chess.com"]

[Event "Titled Tuesday Blitz June 21 Early 2022"]
[White "De Souza, Cristiano Gomes"]
[Black "Dobre, Claudiu-Cristian"]
[WhiteFideId "2151758"]
[BlackFideId "1211854"]
[WhiteElo "2068"]
[BlackElo "2207"]
[Result "0-1"]
[Round "02"]
[TimeControl "180+1"]
[Date "2022.06.22"]
[WhiteClock "0:00:13"]
[BlackClock "0:00:33"]

1. d4 d5 2. c4 c6 3. Nf3 Nf6 4. Nc3 e6 5. Bg5 Nbd7 6. Rc1 dxc4 7. e4 b5 8. e5 h6 9. Bh4 g5 10. exf6 gxh4 11. Ne5 Bb7 12. Nxf7 Kxf7 13. Qh5+ Kxf6 14. Ne4+ Kg7 15. Qg4+ Kh7 16. Qxe6 Bb4+ 17. Kd1 Rf8 18. Rxc4 bxc4 19. Bxc4 Nf6 20. Bd3 Kh8 21. Qe5 Qe7 22. Nxf6 Qxf6 23. f4 Qxe5 24. fxe5 Rad8 0-1


[Site "https://www.chess.com"]

[Event "Titled Tuesday Blitz June 21 Early 2022"]
[White "Devaev, Alexander"]
[Black "Nilssen, Ellen Fredericia"]
[WhiteFideId "4169395"]
[BlackFideId "1441230"]
[WhiteElo "2185"]
[BlackElo "2094"]
[Result "1-0"]
[Round "02"]
[TimeControl "180+1"]
[Date "2022.06.22"]
[WhiteClock "0:00:48"]
[BlackClock "0:00:02"]

1. d4 Nf6 2. c4 c5 3. d5 e6 4. Nc3 exd5 5. cxd5 g6 6. e4 d6 7. Nf3 Bg7 8. h3 O-O 9. Bd3 b5 10. Nxb5 Re8 11. O-O Nxe4 12. Qa4 Nf6 13. Bg5 Bd7 14. Rfe1 Rxe1+ 15. Rxe1 h6 16. Bf4 Ne8 17. Qa3 Bxb5 18. Bxb5 Nd7 19. Bc6 Rb8 20. Qxa7 Ne5 21. Nxe5 dxe5 22. Bxe5 Bxe5 23. Rxe5 Nf6 24. b3 Kg7 25. Re7 Qf8 26. Qxc5 Ne4 27. Qd4+ Nf6 28. d6 Qc8 29. Bd5 Qc1+ 30. Kh2 Rf8 31. d7 Qc7+ 32. f4 Qd6 33. Qe5 Qxd5 34. Qxd5 Nxd5 35. Re8 Nf6 36. Rxf8 Kxf8 37. d8=Q+ 1-0


[Site "https://www.chess.com"]

[Event "Titled Tuesday Blitz June 21 Early 2022"]
[White "Dhanush, Bharadwaj"]
[Black "Warchol, Kamil"]
[WhiteFideId "25058746"]
[BlackFideId "21858241"]
[WhiteElo "2291"]
[BlackElo "1951"]
[Result "1-0"]
[Round "02"]
[TimeControl "180+1"]
[Date "2022.06.22"]
[WhiteClock "0:01:12"]
[BlackClock "0:00:01"]

1. Nf3 d5 2. c4 d4 3. g3 c5 4. Bg2 Nc6 5. O-O e5 6. d3 Bd6 7. e3 Nge7 8. exd4 cxd4 9. Re1 O-O 10. a3 a5 11. Bg5 f6 12. Bc1 b6 13. Nbd2 Bb7 14. Ne4 Bc7 15. c5 b5 16. Qb3+ Qd5 17. Qxb5 Ba6 18. Qa4 Bxd3 19. Nfd2 Qe6 20. Nd6 Bxd6 21. cxd6 Rac8 22. dxe7 Nxe7 23. Qb3 Qxb3 24. Nxb3 a4 25. Na5 Rc2 26. Rd1 Bb5 27. Bd2 Rfc8 28. Bb4 Kf8 29. Be4 Rxb2 30. Rac1 Rxc1 31. Rxc1 Kf7 32. h4 Re2 33. Bf3 1-0


[Site "https://www.chess.com"]

[Event "Titled Tuesday Blitz June 21 Early 2022"]
[White "Dudzinski, Pawel"]
[Black "Goltseva, Ekaterina"]
[WhiteFideId "1117890"]
[BlackFideId "24173770"]
[WhiteElo "2011"]
[BlackElo "2086"]
[Result "1/2-1/2"]
[Round "02"]
[TimeControl "180+1"]
[Date "2022.06.22"]
[WhiteClock "0:00:08"]
[BlackClock "0:00:07"]

1. e4 e5 2. Nf3 d6 3. d4 exd4 4. Nxd4 Nf6 5. Nc3 Be7 6. g3 O-O 7. Bg2 c6 8. O-O Nbd7 9. Re1 Nb6 10. h3 d5 11. e5 Ne4 12. Nxe4 dxe4 13. Bxe4 c5 14. Nf5 Nc4 15. Qxd8 Bxd8 16. Nd6 Nxd6 17. exd6 Bxh3 18. Bxb7 Rb8 19. Bg2 Bxg2 20. Kxg2 Bf6 21. Rb1 Rfd8 22. b3 Rbc8 23. Rd1 Rc6 24. Be3 Bd4 25. Bf4 h6 26. g4 g5 27. Bg3 Kg7 28. Rd3 Kg6 29. Rbd1 h5 30. c3 Bg7 31. gxh5+ Kxh5 32. Rd5 Kg6 33. c4 Bd4 34. f3 f5 35. Re1 f4 36. Bf2 Rcxd6 37. Bxd4 Rxd5 38. cxd5 cxd4 39. Re6+ Kf5 40. Ra6 Rxd5 41. Kf2 d3 42. Ke1 d2+ 43. Kd1 g4 44. fxg4+ Kxg4 45. Rxa7 Kf3 46. b4 Ke3 47. Re7+ Kd3 48. Re2 Kc3 49. Rf2 Rd4 50. Rf3+ Kxb4 51. a3+ Ka4 52. Rf2 Kxa3 53. Rxd2 Re4 54. Re2 Rd4+ 55. Ke1 Kb3 56. Kf2 Kc3 57. Kf3 Kd3 58. Re1 Rb4 59. Rd1+ Kc2 60. Rd8 Kc3 61. Rf8 Kc2 62. Rxf4 Rxf4+ 63. Kxf4 1/2-1/2


[Site "https://www.chess.com"]

[Event "Titled Tuesday Blitz June 21 Early 2022"]
[White "Dwilewicz, Katarzyna"]
[Black "Fries-Nielsen, Jens Ove"]
[WhiteFideId "1148486"]
[BlackFideId "1400142"]
[WhiteElo "1907"]
[BlackElo "2506"]
[Result "0-1"]
[Round "02"]
[TimeControl "180+1"]
[Date "2022.06.22"]
[WhiteClock "0:00:01"]
[BlackClock "0:00:13"]

1. e4 e6 2. d4 d6 3. Nf3 Nd7 4. Nc3 Ne7 5. Be3 g6 6. Qd2 h6 7. O-O-O a6 8. h4 b5 9. h5 g5 10. Kb1 Bb7 11. Bd3 Bg7 12. Nh2 c5 13. dxc5 Nxc5 14. Bxc5 dxc5 15. Qe2 Qa5 16. Qe1 c4 17. Bf1 b4 18. Ne2 c3 19. Nd4 Qxa2+ 20. Kxa2 cxb2 21. Bc4 O-O 22. Ng4 a5 23. Kxb2 Rfc8 24. Qe2 a4 25. f3 Nc6 26. e5 Na5 27. Ba2 Rab8 28. Nxe6 b3 29. Nxg7 Kxg7 30. Bxb3 axb3 31. e6 Nc4+ 32. Kb1 b2 33. Rd3 Ra8 34. c3 Ra1+ 35. Kc2 Rxh1 36. Rd1 Rxd1 37. Qxd1 Bxf3 38. Qd4+ Kg8 39. Nxh6+ Kh7 40. gxf3 Rb8 41. Nxf7 b1=Q# 0-1


[Site "https://www.chess.com"]

[Event "Titled Tuesday Blitz June 21 Early 2022"]
[White "Escudero Donoso, Felipe"]
[Black "Nasir, Zehn"]
[WhiteFideId "3410595"]
[BlackFideId "2613239"]
[WhiteElo "2184"]
[BlackElo "1993"]
[Result "0-1"]
[Round "02"]
[TimeControl "180+1"]
[Date "2022.06.22"]
[WhiteClock "0:00:02"]
[BlackClock "0:00:54"]

1. Nf3 d5 2. d4 Nf6 3. c4 c6 4. g3 g6 5. Bg2 Bg7 6. O-O O-O 7. Ne5 e6 8. Nc3 Nbd7 9. Nxd7 Bxd7 10. e4 dxe4 11. Nxe4 Nxe4 12. Bxe4 Qe7 13. Be3 Rfd8 14. Qc2 Rac8 15. Rad1 e5 16. Rfe1 Bg4 17. f3 exd4 18. Bf2 Be6 19. f4 Qc5 20. b3 Bg4 21. Rd3 Bf5 22. Qd2 Bxe4 23. Rxe4 Qf5 24. Qe2 c5 25. g4 Qd7 26. Re7 Qc6 27. Rd1 Re8 28. Re1 Rxe7 29. Qxe7 Bf8 30. Qe2 Qd6 31. Bg3 d3 32. Qd2 Bg7 33. Bf2 Bd4 34. Kh1 Bxf2 35. Qxf2 d2 36. Rd1 Rd8 37. Kg1 b6 38. Kf1 Qd3+ 39. Qe2 Qh3+ 40. Kg1 Qc3 41. Qe7 Qd4+ 42. Kh1 Qd3 0-1


[Site "https://www.chess.com"]

[Event "Titled Tuesday Blitz June 21 Early 2022"]
[White "Fedoseev, Vladimir"]
[Black "Jaferian, Koosha"]
[WhiteFideId "24130737"]
[BlackFideId "12507440"]
[WhiteElo "2726"]
[BlackElo "2030"]
[Result "0-1"]
[Round "02"]
[TimeControl "180+1"]
[Date "2022.06.21"]
[WhiteClock "0:00:01"]
[BlackClock "0:00:10"]

1. e4 c6 2. Nf3 d5 3. d3 Qc7 4. exd5 cxd5 5. c4 Nf6 6. Nc3 e6 7. a3 Be7 8. Nb5 Qd8 9. Bf4 Na6 10. Be2 O-O 11. O-O Bd7 12. Nc3 Rc8 13. b4 Nb8 14. Qb3 Be8 15. c5 a6 16. d4 Nc6 17. a4 Ne4 18. Bd3 f5 19. Ne2 Bf6 20. Rac1 g5 21. Be5 Bxe5 22. dxe5 g4 23. Nfd4 Nd2 24. Qb2 Nxf1 25. Nxe6 Qh4 26. Rxf1 Rf7 27. N6f4 Ne7 28. Nd4 Qg5 29. g3 Bxa4 30. Re1 Nc6 31. Nde6 Qe7 32. h4 gxh3 33. Bf1 Nd8 34. Nd4 Rg7 35. Nxd5 Qg5 36. Nf6+ Kh8 37. Nf3 Qh6 38. e6 Bc6 39. e7 Nf7 0-1


[Site "https://www.chess.com"]

[Event "Titled Tuesday Blitz June 21 Early 2022"]
[White "Ferreira, Vitor Hugo Vieira"]
[Black "Tinmaz, Kerem"]
[WhiteFideId "2119765"]
[BlackFideId "44559151"]
[WhiteElo "2165"]
[BlackElo "1443"]
[Result "0-1"]
[Round "02"]
[TimeControl "180+1"]
[Date "2022.06.22"]
[WhiteClock "0:00:45"]
[BlackClock "0:00:14"]

1. d4 d5 2. c4 c6 3. Nf3 Nf6 4. Nc3 dxc4 5. a4 Bf5 6. e3 e6 7. Bxc4 Bb4 8. O-O O-O 9. Qe2 Bg6 10. Ne5 Nbd7 11. Nxg6 hxg6 12. Rd1 Qc7 13. e4 Rad8 14. Bg5 e5 15. d5 Nb6 16. Rac1 Bxc3 17. Rxc3 Nxa4 18. Ra3 b5 19. Ba2 Nb6 20. Qf3 Rd6 21. Rc1 Rc8 22. Rac3 Qb7 23. Qg3 Nxe4 24. Qxe5 Nxc3 25. Rxc3 Qd7 26. Bf4 Re8 27. Qxd6 Re1# 0-1


[Site "https://www.chess.com"]

[Event "Titled Tuesday Blitz June 21 Early 2022"]
[White "Fier, Alexandr"]
[Black "Rangel, Daniel"]
[WhiteFideId "2107139"]
[BlackFideId "2124475"]
[WhiteElo "2715"]
[BlackElo "2316"]
[Result "1-0"]
[Round "02"]
[TimeControl "180+1"]
[Date "2022.06.22"]
[WhiteClock "0:01:39"]
[BlackClock "0:00:05"]

1. d4 Nf6 2. Bg5 g6 3. Bxf6 exf6 4. e3 Bg7 5. g3 O-O 6. Bg2 d6 7. Ne2 c6 8. c4 Bg4 9. Nbc3 Nd7 10. h3 Bxe2 11. Nxe2 f5 12. h4 h5 13. Nf4 Re8 14. O-O Nf6 15. Bf3 Ne4 16. Qd3 a5 17. Kg2 a4 18. Rac1 Qb6 19. Rc2 a3 20. b3 Qb4 21. Rfc1 Rad8 22. Ne2 Bh6 23. Nc3 Nxc3 24. Qxc3 Qb6 25. Rd1 Bg7 26. Qd2 Bf6 27. b4 Qa7 28. Rb1 Kg7 29. Rb3 Re7 30. Qd3 Rc7 31. Rxa3 Qb8 32. Rb3 b6 33. a4 c5 34. bxc5 dxc5 35. d5 Ra7 36. Ra2 Qd6 37. Qb1 Ra6 38. Rb5 Rda8 39. Ra3 Bd8 40. Qb2+ Kg8 41. Qc2 Ra5 42. Rxa5 Rxa5 43. e4 f4 44. g4 hxg4 45. Bxg4 Bxh4 46. Kf3 Bf6 47. Qb3 Ra8 48. Qb5 Qe5 49. Qc6 Re8 50. d6 Bd8 51. d7 Rf8 52. Qd5 Qb2 53. Rd3 Bh4 54. Rd2 Qc3+ 55. Kg2 Bf6 56. Qd6 Rd8 57. Rd3 Qb2 58. Qc6 Bd4 59. Rf3 Be5 60. Qc8 Bf6 61. Rxf4 Qe5 62. Rf3 Kg7 63. Qc6 Qg5 64. Rg3 Be5 65. Qd5 Qf6 66. Rf3 Qe7 67. Kf1 Bd4 68. e5 Bxe5 69. Re3 f6 70. f4 Qd6 71. fxe5 Qxd5 72. cxd5 fxe5 73. Rxe5 Kf6 74. Re8 Rxd7 75. Bxd7 1-0


[Site "https://www.chess.com"]

[Event "Titled Tuesday Blitz June 21 Early 2022"]
[White "Flynn, Jacob"]
[Black "Amburgy, Ryan"]
[WhiteFideId "2509393"]
[BlackFideId "30924820"]
[WhiteElo "2359"]
[BlackElo "2737"]
[Result "1-0"]
[Round "02"]
[TimeControl "180+1"]
[Date "2022.06.22"]
[WhiteClock "0:00:11"]
[BlackClock "0:00:11"]

1. d4 Nf6 2. c4 e6 3. Nc3 Bb4 4. Qc2 d5 5. cxd5 exd5 6. Bg5 h6 7. Bh4 Nc6 8. e3 g5 9. Bg3 h5 10. Bb5 h4 11. Be5 O-O 12. Bxc6 bxc6 13. h3 Ne4 14. Ne2 Bf5 15. Qb3 Rb8 16. Qa4 Bxc3+ 17. Nxc3 Rxb2 18. Nxe4 Bxe4 19. O-O g4 20. hxg4 Qg5 21. Qd1 f5 22. Bf4 Qxg4 23. Qxg4+ fxg4 24. Rfc1 Rf6 25. Rc3 h3 26. gxh3 gxh3 27. Rb3 Rg6+ 28. Kh2 Rxf2+ 29. Kxh3 Bf5+ 30. Kh4 Rf3 31. Rh1 Rg7 32. Bh6 Rg4+ 33. Kh5 Rg2 34. Rb8+ Kh7 35. Bg5 Rfg3 36. Bf4 Rg7 37. Rb7 Be4 38. Rxc7 Rxc7 39. Bxc7 Rg7 40. Rh4 Rxc7 41. Kg5+ Kg7 42. Kf4 Rf7+ 43. Ke5 Rf5+ 44. Kd6 Rf6+ 45. Kc5 Kf7 46. Rh8 Bh7 47. Rxh7+ Ke6 48. Rxa7 Kf5 49. Re7 Kg4 50. a4 Kf3 51. a5 Rf8 52. a6 Ra8 53. a7 Ke2 54. Kxc6 Kd3 55. Kb7 Rh8 56. a8=Q Rxa8 57. Kxa8 Kc4 58. Kb7 Kb5 59. Kc7 1-0


[Site "https://www.chess.com"]

[Event "Titled Tuesday Blitz June 21 Early 2022"]
[White "Fromm, Marius"]
[Black "Rosenberg, Evan S"]
[WhiteFideId "12993190"]
[BlackFideId "2019299"]
[WhiteElo "2274"]
[BlackElo "2362"]
[Result "0-1"]
[Round "02"]
[TimeControl "180+1"]
[Date "2022.06.22"]
[WhiteClock "0:01:23"]
[BlackClock "0:00:06"]

1. e4 e6 2. d4 d5 3. Nc3 Bb4 4. e5 c5 5. a3 Bxc3+ 6. bxc3 Ne7 7. Qg4 Qc7 8. Qxg7 Rg8 9. Qxh7 cxd4 10. Qd3 Qxc3+ 11. Qxc3 dxc3 12. Ne2 Nbc6 13. Nxc3 a6 14. f4 Nd4 15. Ra2 Bd7 16. Be3 Nef5 17. Bf2 Rc8 18. Kd2 Ke7 19. Rg1 Rg4 20. g3 Nf3+ 21. Kd3 Nxg1 22. Bxg1 Nxg3 23. hxg3 Rxg3+ 24. Be3 Rxc3+ 25. Kxc3 Rxe3+ 26. Kd4 Re4+ 27. Kc5 Rxf4 28. Bd3 Ra4 29. Kb6 Bc6 30. Kc7 f6 31. exf6+ Kxf6 32. Ra1 Ke5 33. Re1+ Kd4 34. Rxe6 Rxa3 35. Rh6 Kc3 36. Kb6 Kb2 37. Rh2 Rc3 38. Rh4 Bb5 39. Bxb5 axb5 40. Rb4+ Kxc2 41. Kxb5 Rb3 42. Rxb3 Kxb3 43. Kc5 b5 44. Kxd5 b4 45. Kd4 Ka2 46. Kc4 b3 47. Kc3 b2 48. Kc2 b1=Q+ 0-1


[Site "https://www.chess.com"]

[Event "Titled Tuesday Blitz June 21 Early 2022"]
[White "Garcia Cuenca, Victor"]
[Black "Kosteniuk, Alexandra"]
[WhiteFideId "2250829"]
[BlackFideId "4128125"]
[WhiteElo "2429"]
[BlackElo "2745"]
[Result "0-1"]
[Round "02"]
[TimeControl "180+1"]
[Date "2022.06.22"]
[WhiteClock "0:00:33"]
[BlackClock "0:00:49"]

1. d4 Nf6 2. Nf3 b6 3. c4 e6 4. Nc3 Bb4 5. e3 Ne4 6. Qc2 Bb7 7. Bd3 f5 8. O-O Bxc3 9. bxc3 O-O 10. Ne1 c5 11. f3 Nf6 12. e4 Nc6 13. e5 Ne8 14. Be3 cxd4 15. cxd4 Nb4 16. Qb3 Nxd3 17. Nxd3 Rc8 18. Rfc1 Rc7 19. d5 g5 20. d6 Rc8 21. c5 Bd5 22. Qd1 f4 23. Bd4 Ng7 24. cxb6 axb6 25. Rxc8 Qxc8 26. Bxb6 Nf5 27. Nb4 Ba8 28. Qd2 Nh4 29. Bf2 Nxf3+ 30. gxf3 Bxf3 31. Nd3 Qa8 32. Ne1 Bd5 33. a4 g4 34. a5 Rf5 35. a6 g3 36. hxg3 Rh5 37. Kf1 Bc4+ 38. Nd3 Qf3 0-1


[Site "https://www.chess.com"]

[Event "Titled Tuesday Blitz June 21 Early 2022"]
[White "Gardezi, Arsal"]
[Black "Lucas, Arthur"]
[WhiteFideId "30949521"]
[BlackFideId "26093073"]
[WhiteElo "1781"]
[BlackElo "2129"]
[Result "0-1"]
[Round "02"]
[TimeControl "180+1"]
[Date "2022.06.22"]
[WhiteClock "0:00:18"]
[BlackClock "0:01:04"]

1. Nf3 g6 2. g3 Bg7 3. Bg2 f5 4. O-O Nf6 5. c4 O-O 6. Nc3 d6 7. d4 Nc6 8. Bg5 e5 9. dxe5 dxe5 10. Qxd8 Rxd8 11. Nd5 Rxd5 12. cxd5 Nxd5 13. Nxe5 Bxe5 14. Bxd5+ Kg7 15. Rac1 Nd4 16. Rfe1 c6 17. Bg2 Ne6 18. Bd2 Bxb2 19. Rb1 Bf6 20. e4 fxe4 21. Bxe4 Nc5 22. Bg2 Bf5 23. Rb4 a5 24. Rc4 Nd3 25. Rb1 Nb2 26. Rbc1 Nxc4 27. Rxc4 Rd8 28. Be1 Rd1 29. Bf1 Rxe1 0-1


[Site "https://www.chess.com"]

[Event "Titled Tuesday Blitz June 21 Early 2022"]
[White "Gatterer, Florian"]
[Black "Di Nicolantonio, Lucas"]
[WhiteFideId "811688"]
[BlackFideId "680460"]
[WhiteElo "2218"]
[BlackElo "2381"]
[Result "0-1"]
[Round "02"]
[TimeControl "180+1"]
[Date "2022.06.22"]
[WhiteClock "0:00:13"]
[BlackClock "0:00:23"]

1. f4 c5 2. Nf3 Nc6 3. g3 g6 4. Bg2 Bg7 5. O-O d6 6. e4 Nf6 7. d3 O-O 8. c3 Rb8 9. a4 a6 10. Kh1 b5 11. axb5 axb5 12. Be3 b4 13. Bg1 Bb7 14. Nbd2 bxc3 15. bxc3 Nd7 16. Qc2 Qc7 17. d4 cxd4 18. cxd4 Rfc8 19. Rfc1 Qd8 20. Qb2 Ba8 21. Qa3 Nb4 22. Rxc8 Qxc8 23. Rc1 Qd8 24. Rb1 Nc6 25. Rxb8 Qxb8 26. Qb3 Qc7 27. e5 Na5 28. Qb4 Bd5 29. h4 h6 30. Kh2 Nc6 31. Qb5 e6 32. Be3 Ne7 33. Qb4 Nf5 34. Bf2 Bf8 35. Qa4 dxe5 36. dxe5 Nc5 37. Qc2 h5 38. Nd4 Nxd4 39. Bxd4 Bxg2 40. Kxg2 Qb7+ 41. Kh2 Qd5 42. Qc4 Qd7 43. Nf3 Ne4 44. Qe2 Qd5 45. Qd3 Bc5 46. Qe3 Be7 47. Qe2 Kg7 48. Qg2 Bb4 49. Bg1 Qd3 50. Ng5 Nd2 51. Qf2 Bc3 52. Kg2 Qd5+ 53. Kh3 Qh1+ 54. Bh2 Nf1 55. Qg2 Qxg2+ 56. Kxg2 Ne3+ 57. Kf3 Ng4 58. Bg1 Bb2 59. Be3 Ba3 60. Ne4 Be7 61. Ng5 Bxg5 62. hxg5 Kf8 63. Bg1 Ke8 64. Ke4 Kd7 65. Bc5 Kc6 66. Bf8 Kb5 67. Be7 Kc4 68. Kf3 Kd3 69. Bf6 Nh2+ 70. Kg2 Ng4 71. Kf3 Kd2 72. Be7 Ke1 73. Kg2 Ke2 74. Kh3 Kf3 75. Bf6 Nf2+ 76. Kh2 Ne4 77. f5 gxf5 78. Kh3 Nxg3 79. Kh4 f4 80. Be7 Nf5+ 81. Kxh5 Nxe7 82. Kh6 Ng6 83. Kg7 Nxe5 84. Kf6 Ke4 85. Ke7 f3 86. g6 Nxg6+ 87. Kd6 Nf4 88. Ke7 f2 89. Ke8 f1=Q 90. Ke7 f5 91. Kf8 e5 92. Ke7 Ne2 93. Kf8 f4 94. Kf7 f3 95. Ke7 f2 96. Ke8 Kf3 97. Ke7 e4 98. Ke8 e3 99. Kf7 Qd1 100. Kf8 f1=Q 101. Kg7 Qd7+ 102. Kf8 Qd8+ 103. Kg7 Qg2+ 104. Kh7 Qh3+ 105. Kg7 Qg4+ 106. Kh7 Qdg8+ 107. Kh6 Q8g6# 0-1


[Site "https://www.chess.com"]

[Event "Titled Tuesday Blitz June 21 Early 2022"]
[White "Glavina, Pablo"]
[Black "Dushyant Sharma"]
[WhiteFideId "100234"]
[BlackFideId "25065130"]
[WhiteElo "2369"]
[BlackElo "2105"]
[Result "0-1"]
[Round "02"]
[TimeControl "180+1"]
[Date "2022.06.22"]
[WhiteClock "0:00:14"]
[BlackClock "0:01:34"]

1. e4 d5 2. exd5 Nf6 3. c4 Bg4 4. Be2 Bxe2 5. Qxe2 c6 6. Nc3 cxd5 7. cxd5 Nbd7 8. Nf3 g6 9. O-O Bg7 10. d6 e6 11. d4 O-O 12. Bg5 Qb6 13. Bf4 Rfe8 14. Ne5 Qxd4 15. Nxd7 Nxd7 16. Bg3 e5 17. Rfd1 Qc5 18. Rac1 Rac8 19. Qd2 Qa5 20. Qd5 Qa6 21. Qb5 Qxb5 22. Nxb5 a6 23. Nc7 Red8 24. Nd5 Rxc1 25. Rxc1 Bf8 26. Ne7+ Bxe7 27. dxe7 Re8 28. Bh4 f6 29. Rd1 Rxe7 30. Bg3 Kf7 31. f4 e4 32. Re1 f5 33. Kf2 Nb6 34. Rc1 Rd7 35. Ke3 Rd3+ 36. Ke2 Nd5 37. Rd1 Rxd1 38. Kxd1 Ne3+ 39. Ke2 Nc4 40. b3 Nd6 41. Bf2 Ke6 42. Bd4 Kd5 43. Be5 Nb5 44. Kd2 Na7 45. Kc3 Nc6 46. Bg7 b5 47. Kd2 Nd4 48. Ke3 Nc2+ 49. Kd2 Nb4 50. Ke3 Nxa2 51. Kd2 b4 52. Kc2 Nc3 53. Be5 a5 54. Bxc3 bxc3 55. Kxc3 Kc5 56. Kd2 Kb4 57. Kc2 e3 58. Kd3 Kxb3 59. Kxe3 a4 60. Kd4 a3 61. Ke5 a2 62. Kf6 a1=Q+ 63. Kf7 Qd4 64. Kg8 Qxf4 65. Kxh7 Qxh2+ 66. Kxg6 f4 67. Kf5 Qg3 68. Ke4 Kc3 69. Kf5 Kd3 70. Ke5 f3+ 0-1


[Site "https://www.chess.com"]

[Event "Titled Tuesday Blitz June 21 Early 2022"]
[White "Gracia Alvarez, Gerardo Antonio"]
[Black "Tan, Zhongyi"]
[WhiteFideId "5109124"]
[BlackFideId "8603642"]
[WhiteElo "2559"]
[BlackElo "2772"]
[Result "0-1"]
[Round "02"]
[TimeControl "180+1"]
[Date "2022.06.22"]
[WhiteClock "0:00:12"]
[BlackClock "0:01:26"]

1. e4 e5 2. Nf3 Nf6 3. Nxe5 d6 4. Nf3 Nxe4 5. Nc3 Nxc3 6. dxc3 Be7 7. Bf4 Nd7 8. Qd2 O-O 9. O-O-O Nf6 10. h4 d5 11. Bd3 c5 12. c4 d4 13. h5 b5 14. h6 g6 15. Ne5 Bb7 16. cxb5 a6 17. Nc6 Bxc6 18. bxc6 Qd5 19. b3 Qxc6 20. Rde1 Rfe8 21. g4 Nd5 22. Be4 Rad8 23. Bxd5 Qxd5 24. Rhg1 c4 25. Re5 Ba3+ 0-1


[Site "https://www.chess.com"]